 Dungeon Crawl Stone Soup version 0.18.1-6-gd335043 (webtiles) character file.

2114 epen the Cutter (level 9, -1/74 HPs)
             Began as a Yellow Draconian Artificer on May 18, 2016.
             Slain by a centaur (6 damage)
             ... on level 6 of the Dungeon.
             The game lasted 00:17:36 (8522 turns).

epen the Cutter (Yellow Draconian Artificer)        Turns: 8522, Time: 00:17:37

Health: -1/74      AC:  8    Str: 14    XL:     9   Next: 8%
Magic:  13/13      EV: 15    Int: 18    God:
Gold:   231        SH:  0    Dex: 14    Spells: 1 memorised, 2 levels left

rFire  . . .     SeeInvis .     i - +1 dagger (venom)
rCold  . . .     Gourm    .     (armour unavailable)
rNeg   . . .     Faith    .     (no shield)
rPois  .         Spirit   .     (helmet restricted)
rElec  .         Dismiss  .     o - +0 cloak
rCorr  +         Reflect  .     (no gloves)
SustAt +         Harm     .     (no boots)
MR     .....                    (no amulet)
Stlth  +.........               E - ring of sustain attributes
                                s - +5 ring of intelligence

@: about to teleport, drained, not resistant to hostile enchantments, very
unstealthy
A: spit acid, acid resistance, unfitting armour, cold-blooded, AC +7
a: Spit Acid


You were on level 6 of the Dungeon.
You were not hungry.

You visited 2 branches of the dungeon, and saw 7 of its levels.
You also visited: Sewer.

You collected 321 gold pieces.
You spent 90 gold pieces at shops.

Inventory:

Hand Weapons
 a - a +0 short sword
 i - a +1 dagger of venom (weapon)
 F - a +1 falchion of freezing
Armour
 o - a +0 cloak (worn)
Jewellery
 s - a +5 ring of intelligence (left hand)
 E - a ring of sustain attributes (right hand)
Wands
 b - a wand of flame (0/48)
 c - a wand of enslavement (10/24)
 d - a wand of random effects (9/48)
 z - a wand of paralysis (13/24)
 A - a wand of flame (24/48)
Scrolls
 e - 2 scrolls of blinking
 j - a scroll of remove curse
 q - 3 scrolls of identify
 u - a scroll of recharging
 v - 2 scrolls of teleportation
 y - 3 scrolls of amnesia
 C - a scroll of fear {unknown}
Potions
 g - 2 potions of lignification {unknown}
 h - 3 potions of cancellation
 k - 2 potions of brilliance
 l - 2 potions of magic {unknown}
 m - 2 potions of haste {unknown}
 p - a potion of heal wounds {unknown}
 t - a potion of resistance {unknown}
 w - a potion of might {unknown}
 x - 2 potions of curing
Books
 r - a book of Callings

   Spells                             Type                      Level
   a - Summon Small Mammal            Summoning                    1
   b - Call Imp                       Summoning                    2
   c - Call Canine Familiar           Summoning                    3
   d - Summon Guardian Golem          Hexes/Summoning              3
   e - Summon Lightning Spire         Summoning/Air                4
   f - Summon Ice Beast               Ice/Summoning                4
 G - a book of Transfigurations

   Spells                             Type                      Level
   a - Irradiate                      Conjuration/Transmutation    5
   b - Statue Form                    Transmutation/Earth          6
   c - Hydra Form                     Transmutation                6
   d - Dragon Form                    Transmutation                7
Comestibles
 f - 3 bread rations
 n - 3 meat rations
 B - 3 fruits


   Skills:
 + Level 5.4(5.1) Fighting
 * Level 6.7(6.4) Short Blades
 * Level 6.6(6.3) Dodging
 - Level 0.8(0.6) Stealth
 * Level 0.8(0.5) Transmutations
 * Level 0.4(0.1) Earth Magic
 + Level 5.6(5.4) Evocations


You had 2 spell levels left.
You knew the following spells:

 Your Spells              Type           Power        Failure   Level  Hunger
a - Statue Form           Trmt/Erth      #........    100%        6    #######


Dungeon Overview and Level Annotations

Branches:
Dungeon (6/15)             Temple (1/1) D:6

Altars:
Ashenzari
Dithmenos
Elyvilon
Fedhas
Gozag
Kikubaaqudgha
Makhleb
Nemelex Xobeh
Pakellas
Ru
Sif Muna
Trog
Xom
Yredelemnul
Zin

Shops:
D:6 *

Annotations:
D:6 Duvessa, Eustachio


Innate Abilities, Weirdness & Mutations

You can spit globs of acid.
You are resistant to acid.
Your golden yellow scales are hard (AC +7).
Your body does not fit into most forms of armour.
You are cold-blooded and may be slowed by cold attacks.


Message History

You hit the centaur.
The centaur is poisoned.
The centaur is lightly wounded.
The centaur hits you!
* * * LOW HITPOINT WARNING * * *
You hit the centaur.
The centaur looks even sicker.
You tail-slap the centaur, but do no damage.
The centaur is lightly wounded.
The centaur closely misses you.
Read which item? (? for menu, Esc to quit)
As you read the scroll of teleportation, it crumbles to dust.
You feel strangely unstable. The centaur hits you.
* * * LOW HITPOINT WARNING * * *
The centaur hits you.
* * * LOW HITPOINT WARNING * * *
Unknown command.
Drink which item? (? for menu, Esc to quit)
You feel better. The giant frog hits you!
* * * LOW HITPOINT WARNING * * *
The orc barely misses you. The centaur hits you.
You die...

#..###.# ##)###.......[....
######o## #.####((........####.#.
...o...####.∩......(.....#####.##
######.##......####(.........#.##
.............(## #(.....###.#...
.#.#.#.#.#.#..#####(.....# #.....
.................#..((...###..###
...⌠.....⌠.....o.............####
......_.......o.@#.#.....†.......
...⌠.....⌠.....cF........#####...
.............!##..###....# ####
.#.#.#.#.#.#.............#
............#...F.# ###........##
..## #.. ....## .....#


You could see an orc warrior, a giant frog, a centaur and an orc.

Vanquished Creatures
  Grinder (D:4)
  2 phantoms (D:4)
  2 ogres
  Blork the orc (D:6)
  The ghost of Zebulonius the Magician, an amateur DEFE (D:4)
  6 big kobolds
  2 scorpions
  3 wights (D:6)
  6 crimson imps
  A centaur zombie (D:6)
  2 orc wizards
  3 orc priests
  An iguana (D:6)
  3 worker ants
  A killer bee zombie (D:6)
  A worker ant zombie (D:5)
  10 adders
  2 shadow imps (D:5)
  2 oozes (D:1)
  4 adder skeletons
  5 worms
  4 dart slugs
  2 giant geckos
  12 orcs
  2 ball pythons
  11 bats
  8 giant cockroaches
  10 goblins
  4 hobgoblins
  10 jackals
  4 quokkas
  A ball python skeleton (D:4)
  2 giant newts
  20 kobolds
  A quokka zombie (D:5)
  7 rats
  A spectral orc (D:3)
158 creatures vanquished.

Vanquished Creatures (collateral kills)
  3 orcs (D:5)
3 creatures vanquished.

Vanquished Creatures (others)
  An orc wizard (D:5)
  2 orcs
3 creatures vanquished.

Grand Total: 164 creatures vanquished

Notes
Turn   | Place    | Note
--------------------------------------------------------------
     0 | D:1      | epen the Draconian Artificer began the quest for the Orb.
     0 | D:1      | Reached XP level 1. HP: 16/16 MP: 3/3
   274 | D:1      | Reached XP level 2. HP: 19/23 MP: 4/4
   804 | D:1      | Reached XP level 3. HP: 28/28 MP: 5/5
  1583 | D:2      | HP: 1/28 [jackal (3)]
  1783 | D:2      | Reached XP level 4. HP: 22/35 MP: 6/6
  2297 | D:2      | Found a burning altar of Makhleb.
  2297 | D:2      | Noticed a blizzard demon
  2619 | D:3      | Found a faded altar to an unknown god.
  2636 | D:3      | Found a glowing drain.
  2679 | Sewer    | Entered a sewer
  2813 | Sewer    | Reached XP level 5. HP: 38/42 MP: 7/7
  3539 | Sewer    | Reached XP level 6. HP: 34/50 MP: 8/8
  3838 | Sewer    | Your scales start taking on a golden yellow colour.
  3838 | Sewer    | Reached XP level 7. HP: 41/57 MP: 10/10
  4288 | D:3      | Found a shimmering altar of Xom.
  4378 | D:3      | Found a sparkling altar of Nemelex Xobeh.
  4384 | D:3      | Found a glowing silver altar of Zin.
  4490 | D:3      | Found a basalt altar of Yredelemnul.
  4932 | D:4      | Found an ancient bone altar of Kikubaaqudgha.
  5109 | D:4      | Noticed Grinder
  5154 | D:4      | Paralysed by Grinder for 3 turns
  5162 | D:4      | Noticed Zebulonius's ghost (amateur DEFE)
  5529 | D:4      | Paralysed by Grinder for 5 turns
  5547 | D:4      | Killed Grinder
  5547 | D:4      | Reached skill level 5 in Short Blades
  5547 | D:4      | Reached skill level 5 in Dodging
  5547 | D:4      | Reached XP level 8. HP: 39/66 MP: 11/11
  5924 | D:4      | Reached skill level 5 in Evocations
  5939 | D:4      | Found an oddly glowing altar of Pakellas.
  6359 | D:4      | Killed Zebulonius's ghost
  6382 | D:5      | Entered Level 5 of the Dungeon
  7400 | D:5      | Reached skill level 5 in Fighting
  7563 | D:6      | Found a staircase to the Ecumenical Temple.
  7570 | Temple   | Entered the Ecumenical Temple
  8057 | D:6      | Noticed Blork the orc
  8066 | D:6      | Killed Blork the orc
  8295 | D:6      | Reached XP level 9. HP: 70/74 MP: 13/13
  8306 | D:6      | Learned a level 6 spell: Statue Form
  8355 | D:6      | Found Goehet's General Store.
  8358 | D:6      | Found a white marble altar of Elyvilon.
  8410 | D:6      | Bought a potion of curing for 45 gold pieces
  8410 | D:6      | Bought a scroll of teleportation for 45 gold pieces
  8440 | D:6      | HP: 2/74 [something/puff of flame (4)]
  8441 | D:6      | Noticed Duvessa
  8509 | D:6      | Noticed Eustachio
  8522 | D:6      | Slain by a centaur

Skill      XL: |  1  2  3  4  5  6  7  8 |
---------------+-------------------------+-----
Dodging        | 2 3 4 5 6 |  6.6
Short Blades   | 2 3 4 5 6 |  6.7
Fighting       | 2 3 4 5 |  5.4
Evocations     | 4 5 |  5.6
Stealth        | |  0.8
Transmutations | |  0.8
Earth Magic    | |  0.4

Action                   |  1- 3 |  4- 6 |  7- 9 || total
-------------------------+-------+-------+-------++-------
Melee: Short sword       |    37 |       |       ||    37
       Tailslap          |    12 |    13 |    91 ||   116
       Dagger            |   109 |   235 |   670 ||  1014
 Abil: Spit Acid         |       |       |     8 ||     8
Evoke: Wand              |       |       |    38 ||    38
  Use: Scroll            |     5 |     5 |     7 ||    17
       Potion            |     1 |     2 |     2 ||     5
 Stab: Sleeping          |     3 |     1 |       ||     4
       Paralysed         |       |       |     2 ||     2
       Distracted        |       |       |     1 ||     1
  Eat: Chunk             |     3 |     5 |    12 ||    20
       Beef jerky        |       |       |     1 ||     1
       Meat ration       |       |       |     1 ||     1
Armor: Skin              |    45 |    40 |   129 ||   214
Dodge: Dodged            |   103 |    89 |   343 ||   535
